 Dungeon Crawl Stone Soup version 0.18-b1-2-gd0c887e (webtiles) character file.

24 dobroeutro the Cudgeler (level 3, 0/23 HPs)
             Began as a Gargoyle Fighter on Apr 28, 2016.
             Slain by an adder (1 damage)
             ... on level 2 of the Dungeon.
             The game lasted 00:01:19 (1121 turns).

dobroeutro the Cudgeler (Gargoyle Fighter)          Turns: 1121, Time: 00:01:20

Health: 0/23       AC: 10    Str: 20    XL:     3   Next: 2%
Magic:  3/3        EV:  2    Int:  8    God:
Gold:   113        SH:  9    Dex:  9    Spells: 0 memorised, 2 levels left

rFire  . . .     SeeInvis .     a - +0 flail
rCold  . . .     Gourm    .     b - +0 scale mail
rNeg   + . .     Faith    .     c - +0 shield
rPois  ∞         Spirit   .     (no helmet)
rElec  +         Dismiss  .     (no cloak)
rCorr  .         Reflect  .     (no gloves)
SustAt .         Harm     .     (no boots)
MR     .....                    (no amulet)
Stlth  ..........               (no ring)
                                (no ring)

@: not resistant to hostile enchantments, extremely unstealthy
A: negative energy resistance 1, electricity resistance, unbreathing,
petrification resistance, rot immunity, AC +3
a: no special abilities


You were on level 2 of the Dungeon.
You were hungry.

You visited 1 branch of the dungeon, and saw 2 of its levels.

You collected 113 gold pieces.

Inventory:

Hand Weapons
 a - a +0 flail (weapon)
Missiles
 m - 7 javelins (quivered)
Armour
 b - a +0 scale mail (worn)
 c - a +0 shield (worn)
Scrolls
 h - a scroll of remove curse {unknown}
 i - 2 scrolls of amnesia {unknown}
 j - a scroll of recharging {unknown}
 n - a scroll of enchant weapon {unknown}
 o - a scroll of fear {unknown}
Potions
 d - a potion of might
 e - 3 potions of curing {unknown}
 k - a potion of flight {unknown}
 l - a potion of cure mutation {unknown}
Comestibles
 f - a bread ration
 g - a meat ration


   Skills:
 - Level 3.2 Fighting
 + Level 3.4 Maces & Flails
 - Level 3.2 Armour
 - Level 3.2 Shields


You had 2 spell levels left.
You didn't know any spells.

Dungeon Overview and Level Annotations

Branches:
Dungeon (2/15)

Altars:
Vehumet
Yredelemnul

Annotations:
D:2 Sigmund


Innate Abilities, Weirdness & Mutations

You are resistant to torment.
Your stone body is resilient (AC +3).
You are immune to poison.
You resist negative energy.
You are resistant to electric shocks.
You can survive without breathing.
You are immune to petrification.
You are immune to rotting.


Message History

The adder bites you but does no damage. You block the adder's attack.
There is a stone staircase leading up here.
You hit the adder.
The adder is heavily wounded.
You block the adder's attack. Something hits you!
The adder bites you but does no damage.
You closely miss the adder.
The adder is heavily wounded.
The adder bites you but does no damage. Something completely misses you.
The adder barely misses you.
You barely miss the adder.
The adder is heavily wounded.
The adder bites you. Something hits you but does no damage.
You closely miss the adder.
The adder is heavily wounded.
You block the adder's attack. The adder closely misses you. Something hits you.
* * * LOW HITPOINT WARNING * * *
The adder bites you.
You die...

>..........(+....................
........#...#.....#######...####
........#...##.#### #...#
........######.# #...# .......[#
#.# #...# ........######.######
..... ........##.....{....#
......
........##......S...###......##
††...#####).....@.............
.....# #..........###. .....#
#####.###### .....# #.#####
.....# #.....# .....# #.....#
.....# #.."..# .....# #.#####
.##.## #.#######


You could see an adder.

Vanquished Creatures
  A dart slug (D:1)
  2 giant cockroaches (D:1)
  3 goblins (D:1)
  2 hobgoblins (D:1)
  2 jackals (D:2)
  5 kobolds
  4 bats (D:1)
  A giant newt (D:1)
  A rat (D:1)
21 creatures vanquished.

Notes
Turn   | Place    | Note
--------------------------------------------------------------
     0 | D:1      | dobroeutro the Gargoyle Fighter began the quest for the Orb.
     0 | D:1      | Reached XP level 1. HP: 14/14 MP: 1/1
   157 | D:1      | Reached XP level 2. HP: 19/19 MP: 2/2
   816 | D:2      | Found a basalt altar of Yredelemnul.
   827 | D:2      | Found a radiant altar of Vehumet.
   976 | D:2      | Reached XP level 3. HP: 21/23 MP: 3/3
  1086 | D:2      | Noticed Sigmund
  1120 | D:2      | HP: 1/23 [something (6)]
  1121 | D:2      | Slain by an adder

Skill      XL: |  1  2 |
---------------+-------+-----
Maces & Flails | 3 |  3.4
Fighting       | |  3.2
Armour         | |  3.2
Shields        | |  3.2

Action                   || total
-------------------------++-------
Melee: Flail             ||    95
Armor: Scale mail        ||    63
Dodge: Dodged            ||    30
Block: Shield            ||    53
